 Dungeon Crawl Stone Soup version 0.29-a0-911-g88e6f02907 (webtiles) character file.

Game seed: 690214213048531434

50 zeratav the Stinger (level 3, 0/21 HPs)
             Began as an Octopode Venom Mage on July 26, 2022.
             Slain by an adder (3 damage)
             ... on level 2 of the Dungeon.
             The game lasted 00:01:41 (1561 turns).

zeratav the Stinger (Octopode Venom Mage)           Turns: 1561, Time: 00:01:41

Health: 0/21       AC:  1    Str:  7    XL:     3   Next: 79%
Magic:  1/6        EV: 13    Int: 19    God:
Gold:   77         SH:  0    Dex: 12    Spells: 3/6 levels left

rFire   . . .      SeeInvis .   i - +0 dagger {short}
rCold   . . .      Faith    .   (no shield)
rNeg    . . .      Spirit   .   (helmet restricted)
rPois   .          Reflect  .   (no amulet)
rElec   .          Harm     .   (no ring)
rCorr   .          Rampage  .   (no ring)
Will    .....                   (no ring)
Stlth   ++++......              (no ring)
HPRegen 0.07/turn               (no ring)
MPRegen 0.10/turn               (no ring)
                                (no ring)
                                (no ring)

@: no status effects
A: almost no armour, amphibious, 8 rings, camouflage 1, gelatinous body 1,
(nimble swimmer 1), tentacles
a: no special abilities


You were on level 2 of the Dungeon.
You visited 1 branch of the dungeon, and saw 2 of its levels.

You collected 77 gold pieces.


Innate Abilities, Weirdness & Mutations

You cannot wear most types of armour.
You are amphibious.
You can wear up to eight rings at the same time.
Your skin changes colour to match your surroundings (Stealth+).
Your rubbery body absorbs attacks. (AC +1, EV +1)
((You are camouflaged when in or above water. (Stealth+)))
You have tentacles for arms and can constrict up to eight enemies at once.


   Skills:
 - Level 2.0 Dodging
 + Level 4.4 Stealth
 - Level 2.0 Spellcasting
 - Level 1.0 Transmutations
 + Level 4.7 Poison Magic


You had 3 spell levels left.
You knew the following spells:

 Your Spells              Type           Power      Damage    Failure   Level
a - Sting                 Tmut/Pois      48%        1d5       5%          1
b - Poisonous Vapours     Pois/Air       20%        N/A       10%         2

Your spell library contained the following spells:

 Spells                   Type           Power      Damage    Failure   Level
 Blink                    Tloc           2%         N/A       26%         2
 Mephitic Cloud           Conj/Pois/Air  7%         N/A       26%         3
 Lesser Beckoning         Tloc           1%         N/A       45%         3
 Olgreb's Toxic Radiance  Pois           19%        N/A       24%         4
 Manifold Assault         Tloc           1%         N/A       99%         5

Inventory:

Hand Weapons
 i - a +0 dagger (weapon) {short}
   (You took it off a kobold on level 1 of the Dungeon)
Scrolls
 b - a scroll of fear {unknown}
 c - a scroll of teleportation {unknown}
 g - 2 scrolls of identify {unknown}
Potions
 a - a potion of magic
 d - a potion of cancellation {unknown}
 e - a potion of attraction {unknown}
 f - 2 potions of might {unknown}
 h - a potion of resistance {unknown}
 j - a potion of lignification {unknown}

Dungeon Overview and Level Annotations

Branches:
Dungeon (2/15) Zot: 10428

Altars:

Shops:
D:1 ( D:2

(
...#####...####.........####...##
...# ##..# ##.......## ##....
...# ##.# ##.....## #.### ...#
#.# ##...########.# ...# #.#
##........##.# ...# # .#
#.######.##.# ####
...########.###### #.#
!........##......# #.#
#..†.@......#.# #.#
#.....#.S.....# #.#
#..###...#...#.# # #.####.##...
#. #... ... .. #......## ###
########


You could see an adder (very poisoned).


Message History

No target in view!
No target in view!
No target in view!
No target in view!
No target in view!
An adder comes into view.
The ball python hisses angrily.
The ball python closely misses you. The ball python misses you.
The frilled lizard hisses angrily.
You hit the ball python but do no damage.
Your grab misses the ball python. Your squeeze misses the ball python.
The ball python bites you. The ball python grabs you.
The ball python constricts you.
HP[-2]
You take 2 damage, and now have 19/21 hp.
You barely miss the ball python. Your grab misses the ball python.
The ball python barely misses you. The ball python constricts you.
HP[-1]
You take 1 damage, and now have 18/21 hp.
You barely miss the ball python.
The adder hisses angrily.
You grab the ball python. You constrict the ball python.
The ball python bites you. The ball python constricts you.
HP[-4]
You take 4 damage, and now have 14/21 hp.
You hit the ball python.
You kill the ball python!
The frilled lizard bites you.
HP[-2]
You take 2 damage, and now have 12/21 hp.
You hit the frilled lizard.
You kill the frilled lizard!
The adder closely misses you.
HP[+1]
You barely miss the adder. Your grab misses the adder. The adder misses you.
You hit the adder. Your grab misses the adder. Your squeeze misses the adder.
The adder barely misses you.
You closely miss the adder. Your grab misses the adder. The adder bites you. x2
* * * LOW HITPOINT WARNING * * *
HP[-6]
You take 6 damage, and now have 7/21 hp.
MASSIVE DAMAGE!! (PAUSE)
You are too injured to fight recklessly!
You are too injured to fight recklessly!
You are too injured to fight recklessly!
You are too injured to fight recklessly!
You are too injured to fight recklessly!
You are too injured to fight recklessly!
You are too injured to fight recklessly!
You are too injured to fight recklessly!
You are too injured to fight recklessly!
You are too injured to fight recklessly!
You are too injured to fight recklessly!
You are too injured to fight recklessly!
You are too injured to fight recklessly!
You are too injured to fight recklessly!
You are too injured to fight recklessly!
Casting: Sting (safe; 5% risk of failure)
Confirm with . or Enter, or press ? or * to list all spells.
Aiming: Sting (safe; 5% risk of failure)
Press: ? - help, Shift-Dir - straight line, f - adder
Aim: an adder (lightly wounded, 53% to hit)
The sting hits the adder.
The adder is poisoned.
The adder misses you.
MP[-1]
You lost 1 mp, and now have 5/6 mp.
Casting: Sting (safe; 5% risk of failure)
Confirm with . or Enter, or press ? or * to list all spells.
Aiming: Sting (safe; 5% risk of failure)
Press: ? - help, Shift-Dir - straight line, f/p - adder
Aim: an adder (moderately wounded, poisoned, 53% to hit)
The sting misses the adder.
The adder bites you.
* * * LOW HITPOINT WARNING * * *
HP[-2] MP[-1]
You take 2 damage, and now have 5/21 hp.
You lost 1 mp, and now have 4/6 mp.
Casting: Sting (safe; 5% risk of failure)
Confirm with . or Enter, or press ? or * to list all spells.
Aiming: Sting (safe; 5% risk of failure)
Press: ? - help, Shift-Dir - straight line, f/p - adder
Aim: an adder (moderately wounded, poisoned, 53% to hit)
The sting hits the adder.
The adder looks even sicker.
The adder misses you. x2
MP[-1]
You lost 1 mp, and now have 3/6 mp.
Casting: Sting (safe; 5% risk of failure)
Confirm with . or Enter, or press ? or * to list all spells.
Aiming: Sting (safe; 5% risk of failure)
Press: ? - help, Shift-Dir - straight line, f/p - adder
Aim: an adder (heavily wounded, very poisoned, 53% to hit)
The sting hits the adder.
The adder looks even sicker.
The adder bites you.
* * * LOW HITPOINT WARNING * * *
HP[-2] MP[-1]
You take 2 damage, and now have 3/21 hp.
You lost 1 mp, and now have 2/6 mp.
Casting: Sting (safe; 5% risk of failure)
Confirm with . or Enter, or press ? or * to list all spells.
Aiming: Sting (safe; 5% risk of failure)
Press: ? - help, Shift-Dir - straight line, f/p - adder
Aim: an adder (almost dead, very poisoned, 53% to hit)
The sting misses the adder.
The adder bites you.
You die...

Skill      XL: |  1  2  3 |
---------------+----------+-----
Stealth        | 3 4 |  4.4
Poison Magic   | 4 |  4.7
Dodging        | |  2.0
Spellcasting   | |  2.0
Transmutations | |  1.0

Action                   || total
-------------------------++-------
Melee: Unarmed           ||    12
       Constrict         ||    14
       Tentacles         ||    12
       Mace              ||    27
       Dagger            ||    22
 Cast: Sting             ||    15
 Stab: Sleeping          ||    11
Armor: Skin              ||     6
Dodge: Dodged            ||    42

Levels and vault maps discovered:
D:1:      amcnicky_arrival_feature_with_door, layout_loops_cross,
          hellmonk_ecumenical_altar_zigzags, serial_shops, nicolae_shop_crystal,
          st_stairs_10, minmay_misc_feat_x
D:2:      layout_loops_corners, serial_shops, nicolae_diamond_shop,
          columned_hall_lemuel

Notes
Turn   | Place    | Note
-------+----------+-------------------------------------------
     0 | D:1      | zeratav the Octopode Venom Mage began the quest for the
                  | Orb.
     0 | D:1      | Reached XP level 1. HP: 11/11 MP: 3/3
     0 | D:1      | magus.rc [v1.9.6]
    53 | D:1      | Reached skill level 3 in Stealth
   248 | D:1      | Reached XP level 2. HP: 17/17 MP: 5/5
   277 | D:1      | You pick up a book of Spatial Translocations and begin
                  | reading...
   277 | D:1      | You add the spells Blink, Lesser Beckoning and Manifold
                  | Assault to your library.
   331 | D:1      | Learned a level 2 spell: Poisonous Vapours
   337 | D:1      | Reached skill level 4 in Poison Magic
   509 | D:1      | Found Wel Vaa's Antique Weapon Emporium.
   613 | D:1      | Found a faded altar of an unknown god.
   672 | D:1      | Reached XP level 3. HP: 15/21 MP: 6/6
   988 | D:1      | Reached skill level 4 in Stealth
  1313 | D:2      | Found Arire's Weapon Shop.
  1558 | D:2      | HP: 5/21 [adder (2)]
  1561 | D:2      | Slain by an adder

Vanquished Creatures
  An adder (D:2)
  2 dart slugs (D:1)
  3 bats
  5 endoplasms
  A giant cockroach (D:1)
  2 goblins (D:1)
  6 hobgoblins
  2 kobolds (D:1)
  3 quokkas
  3 ball pythons
  2 frilled lizards
  2 rats (D:1)
32 creatures vanquished.

Table legend:
 A = Non-vault XP
 B = Vault XP
 C = Vault XP percentage of total XP
 D = Non-vault monster count
 E = Vault monster count
 F = Vault count percentage of total count
                 A         B        C        D         E       F
            +---------+---------+-------+---------+---------+-------
      Total |      70 |       2 |   2.8 |      30 |       2 |   6.2
            +---------+---------+-------+---------+---------+-------
        D:1 |      42 |       2 |   4.5 |      20 |       2 |   9.1
        D:2 |      28 |       0 |   0.0 |      10 |       0 |   0.0
            +---------+---------+-------+---------+---------+-------

Illustrated notes

Table legend:
 A = Kills in this place as a percentage of kills in entire the game.
 B = Kills by you in this place as a percentage of kills by you in the entire game.
 C = Kills by friends in this place as a percentage of kills by friends in the entire game.
 D = Other kills in this place as a percentage of other kills in the entire game.
 E = Experience gained in this place as a percentage of experience gained in the entire game.
 F = Experience gained in this place divided by the number of levels of this place that you have seen.
                   A       B       C       D       E      F
               +-------+-------+-------+-------+-------+----------------------
         Total | 100.0 | 100.0 |   N/A |   N/A | 100.0 |  36.0
       Dungeon | 100.0 | 100.0 |   N/A |   N/A | 100.0 |  36.0
               +-------+-------+-------+-------+-------+----------------------

Table legend: (Time is in decaauts)
 A = Elapsed time spent in this place.
 B = Non-inter-level travel time spent in this place.
 C = Inter-level travel time spent in this place.
 D = Time resting spent in this place.
 E = Time spent auto-exploring this place.
 F = Levels seen in this place.
 G = Mean time per level.
                   A        B        C        D        E       F      G
               +--------+--------+--------+--------+--------+-----+--------+
         Total |   1570 |   1523 |     47 |    174 |   1095 |   2 |  785.0 |
       Dungeon |   1570 |   1523 |     47 |    174 |   1095 |   2 |  785.0 |
               +--------+--------+--------+--------+--------+-----+--------+

Top non-repeatable levels by time:
     D:1: 1138 daAuts
     D:2: 431 daAuts
